 Dungeon Crawl Stone Soup version 0.16-a0-2984-g889390b (webtiles) character file.

277 Chiseanne the Ducker (level 6, -2/70 HPs)
             Began as a Demonspawn Wanderer on Dec 6, 2014.
             Was an Initiate of Yredelemnul.
             Slain by an iguana (5 damage)
             ... on level 4 of the Dungeon.
             The game lasted 00:11:18 (3987 turns).

Chiseanne the Ducker (Demonspawn Wanderer)          Turns: 3987, Time: 00:11:18

Health: -2/70      AC: 28    Str: 20    XL:     6   Next: 4%
Magic:  6/6        EV:  2    Int: 11    God:    Yredelemnul [......]
Gold:   108        SH:  0    Dex: 18    Spells: 0 memorised, 5 levels left

rFire  . . .     SeeInvis .     s - +2 quarterstaff (protect)
rCold  . . .     Clarity  .     d - melded +0 chain mail
rNeg   + + +     SustAb   .     (no shield)
rPois  +         Gourm    .     (helmet currently unavailable)
rElec  .         Spirit   .     (cloak currently unavailable)
rCorr  .         Warding  .     (gloves currently unavailable)
rMut   .         NoTele   +     (boots currently unavailable)
MR     .....                    (no amulet)
Stlth  +++.......               (no ring)
                                h - +4 ring of strength

@: mighty, lethally poisoned, tree-form, not resistant to hostile enchantments,
fairly stealthy
A: (molten scales 0), (spiny 0)
a: Renounce Religion


You were on level 4 of the Dungeon.
You worshipped Yredelemnul.
Yredelemnul was noncommittal.
You were not hungry.
You were a tree.
You visited 1 branch of the dungeon, and saw 4 of its levels.

You collected 108 gold pieces.

Inventory:

Hand weapons
 a - a +2 dagger of venom
 i - a +2 mace
 l - a +0 war axe
 s - a +2 quarterstaff of protection (weapon)
 u - a +0 blowgun
Missiles
 p - 9 poisoned needles
 q - 6 sling bullets
Armour
 d - a +0 chain mail (melded)
Jewellery
 h - a +4 ring of strength (left branch)
Scrolls
 e - a scroll of blinking
 f - 3 scrolls of enchant weapon
 v - 2 scrolls of fear
Potions
 k - 2 potions of might
 m - a potion of ambrosia {unknown}
 o - a potion of brilliance {unknown}
 r - a potion of restore abilities {unknown}
 t - a potion of flight {unknown}
Comestibles
 b - 5 fruits
 c - a beef jerky
 g - a bread ration
 n - 2 meat rations


   Skills:
 * Level 3.0 Fighting
 - Level 2.6 Maces & Flails
   Level 1.7 Polearms
 * Level 2.8 Armour
 * Level 3.8 Dodging
 - Level 2.6 Stealth


You had 5 spell levels left.
You didn't know any spells.

Dungeon Overview and Level Annotations

Branches:
Dungeon (4/15)
 Temple: D:4-7

Altars:
Trog
Yredelemnul

Annotations:
D:4 Chiseanne's ghost, average DrWn


Innate Abilities, Weirdness & Mutations

((You are partially covered in molten scales (AC +1).))
((You are mostly covered in sharp spines.))


Message History

The iguana bites you but does no damage.
You closely miss Chiseanne's ghost.
Chiseanne's ghost is almost destroyed.
* * * LOW HITPOINT WARNING * * *
You feel sick.
Chiseanne's ghost hits you but does no damage.
The iguana bites you but does no damage.
Chiseanne's ghost hits you.
* * * LOW HITPOINT WARNING * * *
You miss Chiseanne's ghost.
Chiseanne's ghost is almost destroyed.
* * * LOW HITPOINT WARNING * * *
You feel very sick.
The iguana bites you but does no damage.
Chiseanne's ghost hits you but does no damage.
You are more poisoned.
The iguana hisses menacingly.
The iguana bites you.
You die...
Your body rises from the dead as a mindless zombie.

# #.############
#............#####
#........<.........
##..................
#..........♣W.......
#...........l.##...#
#.............# .
###############


You could see an iguana and Chiseanne's ghost.

Vanquished Creatures
  A scorpion (D:4)
  An orc wizard (D:3)
  4 gnolls
  6 adders
  4 worms
  5 giant geckos
  An ooze (D:3)
  9 orcs (D:3)
  3 giant cockroaches
  7 goblins
  8 hobgoblins
  3 bats
  4 giant newts
  10 kobolds
  12 rats
78 creatures vanquished.

Notes
Turn   | Place    | Note
--------------------------------------------------------------
     0 | D:1      | Chiseanne, the Demonspawn Wanderer, began the quest for the Orb.
     0 | D:1      | Chiseanne set off with: a +2 mace, a +0 shortbow, a +0 spear, a +0 robe, a +0 dagger, 25 arrows, a bread ration
     0 | D:1      | Reached XP level 1. HP: 13/13 MP: 1/1
   101 | D:1      | Reached skill level 1 in Dodging
   303 | D:1      | Gained mutation: You are partially covered in sharp spines. [demonic ancestry]
   303 | D:1      | Reached XP level 2. HP: 20/20 MP: 2/2
   319 | D:1      | Reached skill level 1 in Fighting
  1238 | D:2      | Gained mutation: You are partially covered in molten scales (AC +1). [demonic ancestry]
  1238 | D:2      | Reached XP level 3. HP: 18/26 MP: 3/3
  1748 | D:2      | Reached XP level 4. HP: 33/33 MP: 4/4
  1999 | D:2      | Noticed a moth of wrath
  2002 | D:2      | Found a bloodstained altar of Trog.
  2280 | D:3      | Reached skill level 3 in Dodging
  2291 | D:3      | Gained mutation: You are mostly covered in sharp spines. [demonic ancestry]
  2291 | D:3      | Reached XP level 5. HP: 8/39 MP: 5/5
  3634 | D:3      | Found a basalt altar of Yredelemnul.
  3644 | D:3      | Became a worshipper of Yredelemnul the Dark
  3960 | D:4      | Reached XP level 6. HP: 37/47 MP: 6/6
  3969 | D:4      | Noticed Chiseanne's ghost (average DrWn)
  3987 | D:4      | HP: 3/70 [poisoned by Chiseanne's ghost]
  3987 | D:4      | Slain by an iguana

Action                   |  1- 3 |  4- 6 || total
-------------------------+-------+-------++-------
Melee: Mace              |    41 |       ||    41
       Dagger            |    24 |   152 ||   176
       Quarterstaff      |       |    13 ||    13
  Use: Scroll            |     2 |     7 ||     9
       Potion            |     1 |     5 ||     6
 Stab: Sleeping          |     1 |       ||     1
       Distracted        |       |     1 ||     1
  Eat: Chunk             |     1 |     8 ||     9
       Fruit             |       |     1 ||     1
